 Dungeon Crawl Stone Soup version 0.25.1-2-g60ff931df9 (webtiles) character file.

Game seed: 4088321765878201679

294 Descartes the Covert (level 6, -6/36 HPs)
             Began as an Octopode Enchanter on Aug 7, 2020.
             Mangled by an ice beast (11 damage)
             ... on level 4 of the Dungeon.
             The game lasted 00:04:29 (4189 turns).

Descartes the Covert (Octopode Enchanter)           Turns: 4189, Time: 00:04:30

Health: -6/36      AC:  1    Str: 10    XL:     6   Next: 34%
Magic:  9/9        EV: 13    Int: 17    God:
Gold:   209        SH:  0    Dex: 12    Spells: 2/9 levels left

rFire    . . .     SeeInvis +   a - +2 dagger (holy)
rCold    . . .     Gourm    .   (no shield)
rNeg     . . .     Faith    .   (helmet restricted)
rPois    .         Spirit   .   (no amulet)
rElec    .         Reflect  .   h - ring of see invisible
rCorr    .         Harm     .   (no ring)
MR       .....                  (no ring)
Stlth    +++++.....             (no ring)
HPRegen  0.12/turn              (no ring)
MPRegen  0.11/turn              (no ring)
                                (no ring)
                                (no ring)

@: no status effects
A: almost no armour, stealthy swim, amphibious, 8 rings, constrict 8, camouflage
1, gelatinous body 1
a: no special abilities


You were on level 4 of the Dungeon.
You were not hungry.

You visited 1 branch of the dungeon, and saw 5 of its levels.

You collected 209 gold pieces.

Inventory:

Hand Weapons
 a - a +2 dagger of holy wrath (weapon)
 b - a +0 hunting sling
Missiles
 e - 172 stones (quivered)
 i - 8 silver javelins
 k - 44 sling bullets
 p - 94 arrows
 v - 11 bolts
 y - 15 poisoned darts
Jewellery
 h - a ring of see invisible (left tentacle)
 x - a cursed ring of attention {unknown}
Wands
 o - a wand of digging (5)
 u - a wand of enslavement (2)
 z - a wand of random effects (16)
Scrolls
 d - 3 scrolls of remove curse {unknown}
 f - 3 scrolls of identify {unknown}
 l - 2 scrolls of teleportation {unknown}
 t - a scroll of fog {unknown}
Potions
 g - 5 potions of curing {unknown}
 j - a potion of stabbing {unknown}
 m - a potion of flight {unknown}
 n - 4 potions of brilliance {unknown}
 q - a potion of degeneration {unknown}
 r - a potion of resistance {unknown}
 s - a potion of heal wounds {unknown}
 w - 2 potions of berserk rage {unknown}
Comestibles
 c - 7 rations


   Skills:
 + Level 1.0 Short Blades
 + Level 2.0 Dodging
 + Level 8.8 Stealth
 - Level 2.0 Spellcasting
 - Level 3.0 Hexes
 + Level 2.7 Translocations


You had 2 spell levels left.
You knew the following spells:

 Your Spells              Type           Power        Failure   Level  Hunger
a - Corona                Hex            ##.....      5%          1    #......
b - Confusing Touch       Hex            ##......     17%         3    ###....
c - Ensorcelled Hibernat  Hex/Ice        #.....       16%         2    ###....
d - Apportation           Tloc           ##....       6%          1    #......

Your spell library contained the following spells:

 Spells                   Type           Power        Failure   Level  Hunger
 Animate Skeleton         Necr           N/A          19%         1    #......
 Summon Small Mammal      Summ           #...         19%         1    #......
 Tukima's Dance           Hex            ##......     17%         3    ###....
 Dazzling Flash           Conj/Hex       #.....       30%         3    ###....


Dungeon Overview and Level Annotations

Branches:
Dungeon (5/15)
 Temple: D:4-7

Altars:


Innate Abilities, Weirdness & Mutations

You cannot wear most types of armour.
You are very stealthy in the water. (Stealth+)
You are amphibious.
You can wear up to eight rings at the same time.
You can use your tentacles to constrict eight enemies at once.
Your skin changes colour to match your surroundings (Stealth+).
Your rubbery body absorbs attacks. (AC +1, EV +1)


Message History

You are too injured to fight recklessly!
You are too injured to fight recklessly!
You are too injured to fight recklessly!
You are too injured to fight recklessly!
You are too injured to fight recklessly!
There is a stone staircase leading up here.
The ice beast barely misses you.
You climb upwards.
There is a stone staircase leading down here.
You hit the ice beast but do no damage.
You squeeze the ice beast, but do no damage.
The ice beast closely misses you.
You hit the ice beast but do no damage. The ice beast misses you.
You hit the ice beast but do no damage. The ice beast closely misses you.
You hit the ice beast. Your squeeze misses the ice beast.
The ice beast is lightly wounded.
The ice beast hits you.
* * * LOW HITPOINT WARNING * * *
The ice beast freezes you!
You die...

##.............#.######.#.....#.#
............#...........+.....#.#
##..#..........#.######.#.....#.#
##..#.#####..............))##.#.#
....#.#####....#.######.#.)##.#.#
##..#...................#..##.#.#
##..#.#####....#.#######.........
...............#.##...##...##.#.#
##.............#@Y'...'.........#
##..#.#####....####...##...##.#.#
#..#.# #....# #...##.........
#..#.# #....# #...##..###.#.#
#..#.# #...## #...#.......#..
#..#.# #...# #####...##.....
#.##.#####...#########...##.##..
##...............................
#...........#.#########.#.##.##.#


You could see an ice beast.

Vanquished Creatures
  2 orc wizards (D:4)
  Ijyb (D:3)
  Terence (D:2)
  Natasha (twice) (D:2)
  A worker ant (D:4)
  5 adders
  An ooze (D:4)
  An adder skeleton (D:4)
  A worm (D:2)
  2 dart slugs (D:2)
  A leopard gecko (D:2)
  4 orcs
  3 giant cockroaches
  6 goblins
  10 hobgoblins
  3 kobolds
  2 quokkas (D:3)
  A bat (D:2)
  5 frilled lizards
  4 rats
56 creatures vanquished.

Notes
Turn   | Place    | Note
-------+----------+-------------------------------------------
     0 | D:1      | Descartes the Octopode Enchanter began the quest for the
                  | Orb.
     0 | D:1      | Reached XP level 1. HP: 11/11 MP: 3/3
   135 | D:1      | Reached XP level 2. HP: 17/17 MP: 5/5
   141 | D:1      | Reached skill level 5 in Stealth
   708 | D:2      | Reached XP level 3. HP: 18/21 MP: 6/6
   841 | D:2      | Noticed Terence
   849 | D:2      | Killed Terence
   849 | D:2      | Reached skill level 6 in Stealth
   862 | D:2      | Reached XP level 4. HP: 27/27 MP: 7/7
   923 | D:2      | Noticed Natasha
   928 | D:2      | Killed Natasha
   928 | D:2      | Reached skill level 7 in Stealth
  1303 | D:2      | Learned a level 3 spell: Confusing Touch
  1306 | D:2      | Learned a level 2 spell: Ensorcelled Hibernation
  1308 | D:2      | Learned a level 1 spell: Apportation
  1594 | D:2      | Noticed Natasha
  1825 | D:2      | Killed Natasha
  1825 | D:2      | Reached XP level 5. HP: 21/31 MP: 8/8
  2225 | D:3      | Reached skill level 1 in Translocations
  2438 | D:3      | Reached skill level 8 in Stealth
  2607 | D:3      | Noticed Ijyb
  2636 | D:3      | Killed Ijyb
  3089 | D:4      | Reached XP level 6. HP: 31/36 MP: 9/9
  4161 | D:5      | Entered Level 5 of the Dungeon
  4165 | D:5      | Noticed an ice beast
  4189 | D:4      | Mangled by an ice beast

Illustrated notes

Levels and vault maps discovered:
D:1:      dpeg_arrival_castle, layout_rooms
D:2:      layout_loops_ring, minmay_unequal, uniq_natasha, uniq_terence
D:3:      layout_basic, first_ration, uniq_ijyb
D:4:      layout_basic
D:5:      layout_gridville, temple_hall, uniq_grinder

Skill      XL: |  1  2  3  4  5 |
---------------+----------------+-----
Stealth        | 5 6 7 8 |  8.8
Translocations | 2 |  2.7
Short Blades   | |  1.0
Dodging        | |  2.0
Spellcasting   | |  2.0
Hexes          | |  3.0

Action                   |  1- 3 |  4- 6 || total
-------------------------+-------+-------++-------
Melee: Dagger            |    36 |   102 ||   138
       Constrict         |     8 |    20 ||    28
       Tentacles         |     1 |    16 ||    17
 Stab: Sleeping          |    11 |    15 ||    26
  Eat: Chunk             |       |     7 ||     7
       Ration            |       |     1 ||     1
Armor: Skin              |     1 |     3 ||     4
Dodge: Dodged            |    15 |    53 ||    68
